[Event "Your Next Move GCT 2017-Blitz"]
[Site "Leuven"]
[Date "2017.07.01"]
[Round "1"]
[White "Anand, Viswanathan"]
[Black "Carlsen, Magnus"]
[Result "0-1"]
[ECO "C65"]
[WhiteElo "2766"]
[BlackElo "2899"]
[Annotator ""]
[PlyCount "108"]
[EventDate "2017.??.??"]
[EventType "blitz"]
[EventCountry "BEL"]
[SourceTitle "playchess.com"]
[Source "ChessBase"]
[SourceQuality "1"]
[TimeControl "300+3"]

1. e4 {()} e5 {(3)} 2. Nf3 {(3)} Nc6 {
(3)} 3. Bb5 {(3)} Nf6 {(4)} 4. d3 {(
03)} Bc5 {(8)} 5. Bxc6 {(5)} dxc6 {(3)} 6. O-O
{(5)} Qe7 {(15)} 7. Nbd2 {(6)} Bg4 {(
03)} 8. Nc4 {(37)} Nd7 {(3)} 9. a3 {(10)} a5 {
(18)} 10. Be3 {(12)} f6 {(13)} 11. Bxc5 {(
17)} Nxc5 {(3)} 12. Ne3 {(3)} Bxf3 {(31)}
13. Qxf3 {(3)} O-O {(3)} 14. h4 {(14)} Ne6 {
(6)} 15. h5 {(5)} a4 {(9)} 16. g3 {(
19)} Qd7 {(4)} 17. Qg4 {(3)} Rad8 {(32)} 18.
Rad1 {(11)} c5 {(12)} 19. f4 {(15)} exf4 {
(27)} 20. gxf4 {(3)} f5 {(3)} 21. Nxf5 {
(31)} Nd4 {(3)} 22. Nh6+ {(16)} Kh8 {(
03)} 23. Qxd7 {(3)} Rxd7 {(3)} 24. Ng4 {(3)}
Nxc2 {(10)} 25. Rc1 {(23)} Nd4 {(3)} 26. Rxc5 {
(3)} Kg8 {(1:10)} 27. Ne5 {(17)} Re7 {(
03)} 28. Kg2 {(34)} Ne6 {(3)} 29. Ra5 {(9)}
Nxf4+ {(6)} 30. Kh2 {(6)} Nxh5 {(32)} 31. Rxf8+
{(12)} Kxf8 {(3)} 32. d4 {(3)} Nf6 {(
03)} 33. Rxa4 {(7)} Nxe4 {(3)} 34. Kg2 {(9)}
Nd6 {(5)} 35. Rb4 {(6)} g5 {(4)} 36. a4 {
(3)} Kg7 {(3)} 37. a5 {(4)} Kf6 {(
04)} 38. Nd3 {(4)} g4 {(18)} 39. Nc5 {(3)} c6 {
(4)} 40. Rb6 {(4)} Re2+ {(11)} 41. Kf1 {
(3)} Rc2 {(3)} 42. Nxb7 {(3)} Nc4 {(
04)} 43. Rxc6+ {(3)} Kg5 {(3)} 44. Rc5+ {(17)}
Kf4 {(3)} 45. Nd6 {(3)} Ne3+ {(3)} 46. Ke1 {
(3)} Rxb2 {(3)} 47. Nc4 {(6)} Ra2 {(
06)} 48. Nxe3 {(3)} Kxe3 {(3)} 49. Re5+ {(3)}
Kf4 {(3)} 50. Rh5 {(3)} Kf3 {(7)} 51. Rxh7 {
(4)} g3 {(3)} 52. Rf7+ {(3)} Kg2 {(
03)} 53. d5 {(4)} Rxa5 {(3)} 54. d6 {(3)} Re5+
{(3)} 0-1

[Event "Your Next Move GCT 2017-Blitz"]
[Site "Leuven"]
[Date "2017.07.01"]
[Round "1"]
[White "Ivanchuk, Vassily"]
[Black "Nepomniachtchi, Ian"]
[Result "0-1"]
[ECO "A20"]
[WhiteElo "2768"]
[BlackElo "2793"]
[Annotator ""]
[PlyCount "78"]
[EventDate "2017.??.??"]
[EventType "blitz"]
[EventCountry "BEL"]
[SourceTitle "playchess.com"]
[Source "ChessBase"]
[SourceQuality "1"]
[TimeControl "300+3"]

1. c4 {()} e5 {(3)} 2. g3 {(3)} Nc6 {(
03)} 3. Nc3 {(3)} Bb4 {(3)} 4. Nd5 {(4)}
Bc5 {(6)} 5. Bg2 {(3)} Nge7 {(3)} 6. e3 {
(3)} O-O {(5)} 7. Ne2 {(3)} Nxd5 {(
10)} 8. cxd5 {(3)} Ne7 {(3)} 9. O-O {(8)} d6 {
(5)} 10. d4 {(3)} exd4 {(3)} 11. Nxd4 {
(3)} Nf5 {(10)} 12. Ne2 {(10)} Qf6 {(
10)} 13. Rb1 {(8)} a5 {(3)} 14. b3 {(3)} Bd7 {
(7)} 15. Bb2 {(7)} Qh6 {(3)} 16. e4 {(
11)} Ne7 {(6)} 17. Bd4 {(3)} b6 {(16)} 18.
Qc1 {(13)} Qh5 {(4)} 19. Nf4 {(15)} Qh6 {
(3)} 20. Rd1 {(15)} Ng6 {(19)} 21. Nxg6 {
(52)} Qxg6 {(3)} 22. a3 {(18)} Bg4 {(
16)} 23. f3 {(14)} Bd7 {(4)} 24. b4 {(7)} axb4
{(3)} 25. axb4 {(3)} Bxd4+ {(6)} 26. Rxd4 {
(3)} Ra7 {(3)} 27. f4 {(28)} Qf6 {(
06)} 28. Rc4 {(10)} Rc8 {(3)} 29. Qb2 {(16)}
Qxb2 {(21)} 30. Rxb2 {(3)} Kf8 {(25)} 31. Kf2 {
(5)} Ke7 {(3)} 32. e5 {(3)} Rca8 {(
15)} 33. Rbc2 {(6)} Kd8 {(3)} 34. e6 {(33)}
fxe6 {(5)} 35. dxe6 {(6)} Bxe6 {(3)} 36. R4c3
{(7)} Bf5 {(8)} 37. Re2 {(9)} Ra3 {(
03)} 38. Rc1 {(31)} Ra1 {(7)} 39. Rc3 {(17)}
R8a3 {(3)} 0-1

[Event "Your Next Move GCT 2017-Blitz"]
[Site "Leuven"]
[Date "2017.07.01"]
[Round "1"]
[White "Kramnik, Vladimir"]
[Black "Giri, Anish"]
[Result "1-0"]
[ECO "D12"]
[WhiteElo "2760"]
[BlackElo "2723"]
[Annotator ""]
[PlyCount "75"]
[EventDate "2017.??.??"]
[EventType "blitz"]
[EventCountry "BEL"]
[SourceTitle "playchess.com"]
[Source "ChessBase"]
[SourceQuality "1"]
[TimeControl "300+3"]

1. d4 {()} Nf6 {(3)} 2. Nf3 {(3)} d5 {
(3)} 3. e3 {(3)} Bf5 {(3)} 4. c4 {(
03)} c6 {(3)} 5. Nc3 {(3)} e6 {(3)} 6. Nh4 {
(3)} Bg6 {(3)} 7. Nxg6 {(4)} hxg6 {(
03)} 8. h3 {(3)} Nbd7 {(6)} 9. Bd3 {(3)} Bd6 {
(3)} 10. O-O {(8)} Qe7 {(9)} 11. e4 {(
03)} dxe4 {(6)} 12. Bxe4 {(3)} O-O {(25)}
13. Bg5 {(5)} Qd8 {(7)} 14. Re1 Qc7 {(9)} 15.
Qf3 {(19)} Bb4 {(15)} 16. Bc2 {(10)} Qa5 {
(15)} 17. h4 {(9)} Rfe8 {(15)} 18. a3 {(
03)} Bf8 {(8)} 19. Rad1 {(11)} Qb6 {(12)} 20.
b4 {(9)} a5 {(3)} 21. b5 {(6)} cxb5 {(
15)} 22. Nxb5 {(3)} Rac8 {(3)} 23. Bd3 {(13]
} e5 {(6)} 24. c5 {(11)} Qc6 {(14)} 25. Qh3 {
(16)} Rcd8 {(31)} 26. d5 {(41)} Qxc5 {(
14)} 27. Rc1 {(23)} Qb6 {(21)} 28. Nc7 {(22)} Bc5
{(28)} 29. Nxe8 {(10)} Bxf2+ {(3)} 30. Kh1 {
(3)} Rxe8 {(26)} 31. Rb1 {(26)} Qa7 {(
35)} 32. Rf1 {(6)} e4 {(3)} 33. Bb5 {(3)} Nh5
{(37)} 34. Qxd7 {(19)} Ng3+ {(6)} 35. Kh2 {
(3)} Re5 {(6)} 36. Rfc1 {(34)} Kh7 {(
04)} 37. Rc8 {(11)} Rxg5 38. Qe8 {(8)} 1-0

[Event "Your Next Move GCT 2017-Blitz"]
[Site "Leuven"]
[Date "2017.07.01"]
[Round "1"]
[White "So, Wesley"]
[Black "Jobava, Baadur"]
[Result "1-0"]
[ECO "D16"]
[WhiteElo "2724"]
[BlackElo "2734"]
[Annotator ""]
[PlyCount "63"]
[EventDate "2017.??.??"]
[EventType "blitz"]
[EventCountry "BEL"]
[SourceTitle "playchess.com"]
[Source "ChessBase"]
[SourceQuality "1"]
[TimeControl "300+3"]

1. d4 {()} d5 {(3)} 2. c4 {(3)} c6 {(
03)} 3. Nf3 {(3)} Nf6 {(3)} 4. Nc3 {(3)}
dxc4 {(3)} 5. a4 {(3)} a5 {(3)} 6. e4 {
(3)} Bg4 {(3)} 7. Be3 {(7)} e6 {(3]
} 8. Bxc4 {(4)} Bb4 {(3)} 9. Qc2 {(31)} Bh5 {
(8)} 10. Ne5 {(21)} Nfd7 {(11)} 11. O-O {
(14)} O-O {(1:26)} 12. Nd3 {(4)} Na6 {(
13)} 13. Bxa6 {(16)} Rxa6 {(3)} 14. Nxb4 {(3)}
axb4 {(3)} 15. Na2 {(3)} f5 {(48)} 16. exf5 {
(11)} exf5 {(3)} 17. Nxb4 {(3)} Ra5 {(
03)} 18. Nd3 {(14)} Nf6 {(24)} 19. Nc5 {(11)}
Qd5 {(13)} 20. Nxb7 {(9)} Ra7 {(3)} 21. Nc5 {
(3)} Re7 {(21)} 22. a5 {(8)} Bf3 {(
05)} 23. gxf3 {(20)} Qxf3 {(3)} 24. Qb3+ {(3)}
Kh8 {(39)} 25. Bg5 {(3)} Qh5 {(3)} 26. Bxf6 {
(17)} gxf6 {(27)} 27. Kh1 {(3)} f4 {(
04)} 28. Rae1 {(17)} Rxe1 {(22)} 29. Rxe1 {(3)}
f3 {(3)} 30. Rg1 {(7)} Qh3 {(9)} 31. Qe6 {
(16)} Qh4 {(6)} 32. Qg4 {(21)} 1-0

[Event "Your Next Move GCT 2017-Blitz"]
[Site "Leuven"]
[Date "2017.07.01"]
[Round "1"]
[White "Vachier Lagrave, Maxime"]
[Black "Aronian, Levon"]
[Result "1-0"]
[ECO "C84"]
[WhiteElo "2890"]
[BlackElo "2786"]
[Annotator ""]
[PlyCount "100"]
[EventDate "2017.??.??"]
[EventType "blitz"]
[EventCountry "BEL"]
[SourceTitle "playchess.com"]
[Source "ChessBase"]
[SourceQuality "1"]
[TimeControl "300+3"]

1. e4 {()} e5 {(3)} 2. Nf3 {(3)} Nc6 {
(3)} 3. Bb5 {(3)} a6 {(3)} 4. Ba4 {(
03)} Nf6 {(3)} 5. O-O {(3)} Be7 {(3)} 6. d3 {
(7)} d6 {(6)} 7. c3 {(5)} O-O {(3)}
8. Nbd2 {(5)} b5 {(3)} 9. Bc2 {(3)} d5 {
(3)} 10. Re1 {(16)} d4 {(3)} 11. a4 {(
06)} Be6 {(12)} 12. Nf1 {(9)} b4 {(14)} 13.
cxd4 {(45)} Nxd4 {(3)} 14. Nxd4 {(14)} Qxd4 {
(3)} 15. Nd2 {(7)} c5 {(1:02)} 16. Nf3 {(
05)} Qd6 {(3)} 17. Be3 {(7)} Rfd8 {(9)} 18.
Rc1 {(3)} Rac8 {(12)} 19. Bb3 {(13)} Ng4 {
(51)} 20. Bxe6 {(17)} Qxe6 {(3)} 21. Qc2 {
(3)} h6 {(38)} 22. Red1 {(36)} Rc7 {(
13)} 23. Qc4 {(3)} Qb6 {(1:19)} 24. Bd2 {(19)} Bd6
{(8)} 25. h3 {(4)} Nf6 {(3)} 26. Be3 {(
03)} Nd7 {(12)} 27. Nh4 {(8)} Rcc8 {(8)} 28.
b3 {(19)} Bf8 {(3)} 29. Nf5 {(3)} h5 {(
08)} 30. Bg5 {(6)} Re8 {(3)} 31. Ne3 {(7)}
Qc6 {(6)} 32. Qc2 {(15)} Qe6 {(3)} 33. Nc4 {
(13)} Nb8 {(3)} 34. Be3 {(3)} Nc6 {(
03)} 35. Qe2 {(5)} g6 {(3)} 36. Rc2 {(4)} Rcd8
{(4)} 37. Rdc1 {(7)} Qd7 {(3)} 38. Nb2 {
(4)} Nd4 {(3)} 39. Bxd4 {(3)} Qxd4 {(
03)} 40. Rd1 {(3)} Re6 {(3)} 41. Nc4 {(3)}
Bh6 {(3)} 42. Na5 {(10)} Rd7 {(4)} 43. g3 {
(9)} Kg7 {(4)} 44. Kg2 {(3)} Qd6 {(
03)} 45. Nc4 {(3)} Qe7 {(3)} 46. h4 {(7)} Qd8
{(5)} 47. Ne3 {(6)} Rc7 {(4)} 48. Nd5 {
(3)} Rcc6 {(3)} 49. Rc4 {(7)} Kg8 {(
03)} 50. Qc2 {(3)} Bf8 1-0

[Event "Your Next Move GCT 2017-Blitz"]
[Site "Leuven"]
[Date "2017.07.01"]
[Round "2"]
[White "Aronian, Levon"]
[Black "Ivanchuk, Vassily"]
[Result "1-0"]
[ECO "A27"]
[WhiteElo "2786"]
[BlackElo "2768"]
[Annotator ""]
[PlyCount "53"]
[EventDate "2017.??.??"]
[EventType "blitz"]
[EventCountry "BEL"]
[SourceTitle "playchess.com"]
[Source "ChessBase"]
[SourceQuality "1"]
[TimeControl "300+3"]

1. c4 {()} e5 {(3)} 2. Nc3 {(3)} Nc6 {
(3)} 3. Nf3 {(3)} f5 {(8)} 4. g3 {(
03)} d6 {(6)} 5. d4 {(3)} e4 {(4)} 6. d5 {
(3)} Ne5 {(7)} 7. Nxe5 {(5)} dxe5 {(
03)} 8. g4 {(17)} g6 {(3)} 9. gxf5 {(6)} gxf5 {
(3)} 10. Rg1 {(3)} Nf6 {(12)} 11. Bg5 {(
03)} Be7 {(21)} 12. e3 {(3)} Rg8 {(7)} 13.
Rg3 {(9)} Rg6 {(10)} 14. Be2 {(16)} Qd6 {
(1:04)} 15. Bh5 {(22)} Kf7 {(2:26)} 16. Bxf6 {
(34)} Bxf6 {(10)} 17. Qb3 {(3)} b6 {(
15)} 18. O-O-O {(8)} Bd7 {(3)} 19. Rdg1 {(13)}
Rag8 {(3)} 20. Qd1 {(3)} Be8 {(7)} 21. Bxg6+ {
(16)} hxg6 {(3)} 22. Rh3 {(19)} Ke7 {(
18)} 23. Rh7+ {(3)} Kd8 {(3)} 24. Nb5 {(15)}
Bxb5 {(9)} 25. cxb5 {(3)} Kc8 {(3)} 26. Qc2 {
(3)} Bd8 {(3)} 27. Qc6 {(3)} 1-0

[Event "Your Next Move GCT 2017-Blitz"]
[Site "Leuven"]
[Date "2017.07.01"]
[Round "2"]
[White "Carlsen, Magnus"]
[Black "Kramnik, Vladimir"]
[Result "1/2-1/2"]
[ECO "C65"]
[WhiteElo "2899"]
[BlackElo "2760"]
[Annotator ""]
[PlyCount "84"]
[EventDate "2017.??.??"]
[EventType "blitz"]
[EventCountry "BEL"]
[SourceTitle "playchess.com"]
[Source "ChessBase"]
[SourceQuality "1"]
[TimeControl "300+3"]

1. e4 {()} e5 {(3)} 2. Nf3 {(3)} Nc6 {
(3)} 3. Bb5 {(3)} Nf6 {(3)} 4. d3 {(
03)} Bc5 {(3)} 5. c3 {(4)} d5 {(3)} 6. Nbd2 {
(4)} dxe4 {(3)} 7. dxe4 {(3)} O-O {(
03)} 8. O-O {(3)} a5 {(3)} 9. Qc2 {(5)} Qe7 {
(3)} 10. a4 {(3)} Nb8 {(7)} 11. Bd3 {(
31)} h6 {(13)} 12. Nc4 {(8)} Nc6 {(3)} 13.
h3 {(5)} Rd8 {(14)} 14. Re1 {(5)} Nh5 {(
08)} 15. Bf1 {(10)} Qf6 {(6)} 16. Be3 {(13)}
Bf8 {(15)} 17. Kh2 {(29)} Be6 {(3)} 18. Rad1 {
(14)} g5 {(20)} 19. Rxd8 {(48)} Rxd8 {(
03)} 20. Nfd2 {(3)} b6 {(27)} 21. g3 {(3)} Nf4
{(11)} 22. b3 {(50)} Ng6 {(35)} 23. Be2 {(
16)} Nd4 {(30)} 24. cxd4 {(11)} exd4 {(3)}
25. e5 {(3)} Qf5 {(14)} 26. Qxf5 {(44)} Bxf5 {
(3)} 27. Bxg5 {(4)} hxg5 {(3)} 28. Bg4 {
(5)} Bxg4 {(13)} 29. hxg4 {(3)} Bb4 {(
03)} 30. Rd1 {(3)} Bxd2 {(9)} 31. Rxd2 {(3]
} Rd5 {(8)} 32. Kg2 {(4)} Kg7 {(12)} 33. Kf3 {
(4)} Nxe5+ {(4)} 34. Ke4 {(3)} Nxc4 {(
03)} 35. bxc4 {(3)} Rc5 {(1:08)} 36. Rxd4 {(3]
} Kf6 {(3)} 37. f4 {(3)} Ke6 {(6)} 38. Kd3 {
(4)} c6 {(18)} 39. Re4+ {(31)} Kd6 {(
03)} 40. Rd4+ {(3)} Ke6 {(3)} 41. Re4+ {(3)}
Kd6 {(3)} 42. Rd4+ {(3] Ke5 Ke4+} Ke6 1/2-1/2

[Event "Your Next Move GCT 2017-Blitz"]
[Site "Leuven"]
[Date "2017.07.01"]
[Round "2"]
[White "Giri, Anish"]
[Black "Vachier Lagrave, Maxime"]
[Result "1/2-1/2"]
[ECO "D84"]
[WhiteElo "2723"]
[BlackElo "2890"]
[Annotator ""]
[PlyCount "134"]
[EventDate "2017.??.??"]
[EventType "blitz"]
[EventCountry "BEL"]
[SourceTitle "playchess.com"]
[Source "ChessBase"]
[SourceQuality "1"]
[TimeControl "300+3"]

1. d4 {()} Nf6 {(3)} 2. c4 {(3)} g6 {(
03)} 3. Nc3 {(3)} d5 {(3)} 4. Bf4 {(3)} Bg7
{(3)} 5. e3 {(3)} O-O {(5)} 6. cxd5 {(
03)} Nxd5 {(3)} 7. Nxd5 {(3)} Qxd5 {(3)} 8.
Bxc7 {(3)} Na6 {(3)} 9. Bxa6 {(3)} Qxg2 {
(3)} 10. Qf3 {(3)} Qxf3 {(3)} 11. Nxf3 {
(3)} bxa6 {(3)} 12. Rc1 {(3)} f6 {(
03)} 13. Rg1 {(3)} Rf7 {(8)} 14. b3 {(10)} Bf8
{(17)} 15. Nd2 {(21)} Bb7 {(11)} 16. Ke2 {
(3)} Re8 {(11)} 17. f3 {(15)} e5 {(34]
} 18. dxe5 {(3)} Bb4 {(3)} 19. Ne4 {(35)} fxe5
{(12)} 20. Ng5 {(35)} Rfe7 {(35)} 21. Rgd1 {
(27)} Rc8 {(3)} 22. Rd8+ {(35)} Rxd8 {(
03)} 23. Bxd8 {(3)} Rd7 {(3)} 24. Rd1 {(6)}
Rxd1 25. Kxd1 {(3)} h6 {(21)} 26. Ne4 {(3)}
Bxe4 {(3)} 27. fxe4 {(3)} Kf7 {(3)} 28. Bc7 {
(36)} Ke6 {(3)} 29. Ke2 {(3)} g5 {(
28)} 30. h3 {(3)} h5 {(3)} 31. Kf3 {(3)} Be7 {
(8)} 32. Ba5 {(20)} Kd7 {(14)} 33. Bc3 {(
09)} Bd6 {(3)} 34. Ba5 {(6)} Bc7 {(7)} 35.
Bb4 {(3)} a5 {(3)} 36. Bc3 {(4)} a4 {(
08)} 37. bxa4 {(20)} Kc6 {(3)} 38. Ke2 {(14)}
Kc5 {(8)} 39. Kd3 {(3)} g4 {(8)} 40. hxg4 {
(3)} hxg4 {(3)} 41. Be1 {(3)} Bd6 {(
10)} 42. a3 {(5)} Kc6 {(7)} 43. Bg3 {(15)} a6 {
(19)} 44. Bh2 {(11)} Kd7 {(21)} 45. Ke2 {(
14)} Ke6 {(3)} 46. Kf2 {(7)} Kf6 {(3)} 47.
Kg3 {(3)} Kg5 {(3)} 48. Kg2 {(3)} Kg6 {
(6)} 49. Kg3 {(9)} Kh5 {(3)} 50. Kg2 {(
03)} Kg5 {(3)} 51. Bg3 {(3)} Kf6 {(6)} 52.
Bh4+ {(3)} Kg6 {(4)} 53. Kg3 {(8)} Bxa3 {
(18)} 54. Kxg4 {(3)} Bc5 {(3)} 55. Bg3 {
(3)} Bd6 {(3)} 56. Be1 {(3)} Bc5 {(
03)} 57. Bc3 {(3)} Kf6 {(3)} 58. Kf3 {(3)} Ke6
{(3)} 59. Ke2 {(3)} Kd6 {(7)} 60. Kd3 {
(3)} Bb6 {(3)} 61. Bb4+ {(3)} Kd7 {(
08)} 62. Kc4 {(3)} Kc6 {(3)} 63. Bc3 {(3)} Bc7
{(3)} 64. Be1 {(3)} Bb6 {(3)} 65. Bg3 {
(3)} Bc7 {(3)} 66. Be1 {(3)} Bb6 {(
03)} 67. Bc3 {(3)} Bc7 {(3)} 1/2-1/2

[Event "Your Next Move GCT 2017-Blitz"]
[Site "Leuven"]
[Date "2017.07.01"]
[Round "2"]
[White "Jobava, Baadur"]
[Black "Nepomniachtchi, Ian"]
[Result "0-1"]
[ECO "A45"]
[WhiteElo "2734"]
[BlackElo "2793"]
[Annotator ""]
[PlyCount "92"]
[EventDate "2017.??.??"]
[EventType "blitz"]
[EventCountry "BEL"]
[SourceTitle "playchess.com"]
[Source "ChessBase"]
[SourceQuality "1"]
[TimeControl "300+3"]

1. d4 {()} Nf6 {(3)} 2. Bg5 {(3)} d5 {
(3)} 3. Nd2 {(3)} c5 {(4)} 4. dxc5 {(
03)} e6 {(3)} 5. Nb3 {(3)} Nbd7 {(7)} 6. e4
{(3)} dxe4 {(11)} 7. Ne2 {(3)} h6 {(
14)} 8. Bxf6 {(27)} gxf6 {(3)} 9. Qd4 {(6)}
Nxc5 {(5)} 10. Qxd8+ {(1:01)} Kxd8 {(3)} 11.
O-O-O+ {(11)} Nd7 {(30)} 12. Nf4 {(2:28)} Kc7 {
(7)} 13. g4 {(11)} Ne5 {(44)} 14. h3 {(
03)} h5 {(22)} 15. Nxh5 {(5)} f5 {(3)} 16.
Be2 {(3)} f4 {(25)} 17. Nf6 {(13)} f3 {(
30)} 18. Bf1 {(3)} Bh6+ {(3)} 19. Kb1 {(3)}
e3 {(25)} 20. fxe3 {(3)} b6 {(27)} 21. Nd4 {
(12)} a6 {(3)} 22. Nxf3 {(5)} Nxf3 {(
22)} 23. Bg2 {(3)} Bxe3 {(6)} 24. Bxf3 {(3)}
Ra7 {(3)} 25. h4 {(5)} Kb8 {(12)} 26. g5 {
(6)} Rc7 {(3)} 27. Rd3 {(7)} Bf4 {(
06)} 28. c3 {(4)} Be5 {(15)} 29. Ng4 {(3)} Bf4
{(3)} 30. Nf6 {(3)} Be5 {(3)} 31. Ne4 {
(3)} Bf4 {(8)} 32. Kc2 {(3)} Bb7 {(
04)} 33. Nf6 {(3)} Bxg5 {(3)} 34. hxg5 {(14)}
Rxh1 {(3)} 35. Bxh1 {(3)} Bxh1 {(3)} 36. Rd8+
{(3)} Kb7 {(3)} 37. Rf8 {(3)} Bc6 {(
13)} 38. Kd3 {(3)} a5 {(3)} 39. Kd4 {(3)} a4 {
(4)} 40. a3 {(3)} Bb5 {(3)} 41. Ke5 {(
07)} Bd3 {(5)} 42. Kd4 {(5)} Bg6 {(3)} 43.
Ne4 {(4)} Rd7+ {(3)} 44. Ke3 {(3)} Rd5 {
(3)} 45. Kf4 {(5)} Rf5+ {(3)} 46. Ke3 {
(3)} Re5 {(3)} 0-1

[Event "Your Next Move GCT 2017-Blitz"]
[Site "Leuven"]
[Date "2017.07.01"]
[Round "2"]
[White "So, Wesley"]
[Black "Anand, Viswanathan"]
[Result "1-0"]
[ECO "A06"]
[WhiteElo "2724"]
[BlackElo "2766"]
[Annotator ""]
[PlyCount "45"]
[EventDate "2017.??.??"]
[EventType "blitz"]
[EventCountry "BEL"]
[SourceTitle "playchess.com"]
[Source "ChessBase"]
[SourceQuality "1"]
[TimeControl "300+3"]

1. Nf3 {()} d5 {(3)} 2. e3 {(3)} Nf6 {
(3)} 3. c4 {(3)} e6 {(3)} 4. b3 {(
03)} c5 {(3)} 5. Bb2 {(3)} Nc6 {(3)} 6. cxd5 {
(3)} exd5 {(3)} 7. Bb5 {(3)} Bd6 {(
03)} 8. O-O {(3)} O-O {(3)} 9. d4 {(3)} cxd4 {
(3)} 10. Nxd4 {(3)} Qb6 {(3)} 11. Bxc6 {
(10)} bxc6 {(3)} 12. Nc3 {(3)} c5 {(
20)} 13. Nf3 {(3)} Bb7 {(4)} 14. Rc1 {(12)}
Rac8 {(4)} 15. Ne2 {(12)} Ne4 {(3)} 16. Ng3 {
(3)} Nxg3 {(3)} 17. hxg3 {(3)} Rfd8 {(
03)} 18. Qd2 {(23)} Be7 {(10)} 19. Rc2 {(27)}
h5 {(52)} 20. Rfc1 {(7)} Rc7 {(9)} 21. Bc3 {
(8)} d4 {(17)} 22. exd4 {(1:02)} cxd4 {(
18)} 23. Ba5 {(12)} 1-0

[Event "Your Next Move GCT 2017-Blitz"]
[Site "Leuven"]
[Date "2017.07.01"]
[Round "3"]
[White "Ivanchuk, Vassily"]
[Black "Giri, Anish"]
[Result "0-1"]
[ECO "A10"]
[WhiteElo "2768"]
[BlackElo "2723"]
[Annotator ""]
[PlyCount "112"]
[EventDate "2017.??.??"]
[EventType "blitz"]
[EventCountry "BEL"]
[SourceTitle "playchess.com"]
[Source "ChessBase"]
[SourceQuality "1"]
[TimeControl "300+3"]

1. c4 {()} g6 {(3)} 2. e4 {(3)} e5 {(
03)} 3. Nc3 {(3)} Bg7 {(3)} 4. g3 {(3)} c5
{(4)} 5. d3 {(3)} d6 {(3)} 6. Bg2 {(
03)} Nc6 {(3)} 7. Nge2 {(3)} Nge7 {(3)} 8. O-O
{(8)} O-O {(3)} 9. f4 {(3)} f5 {(5]
} 10. Be3 {(8)} Nd4 {(7)} 11. Qd2 {(4)} Be6 {
(5)} 12. b3 {(7)} Rb8 {(3)} 13. Rae1 {(
06)} Qd7 {(6)} 14. Nd5 {(6)} b5 {(40)} 15.
Bxd4 {(1:03)} cxd4 {(5)} 16. Nxe7+ {(29)} Qxe7 {
(3)} 17. exf5 {(3)} gxf5 {(10)} 18. Nxd4 {
(3)} Bd7 {(3)} 19. Nc6 {(17)} Bxc6 {(
03)} 20. Bxc6 {(3)} bxc4 {(3)} 21. dxc4 {(12)}
Kh8 {(12)} 22. Kg2 {(7)} Qc7 {(3)} 23. Bd5 {
(5)} a5 {(3)} 24. Re2 {(11)} Qc5 {(
03)} 25. Be6 {(18)} a4 {(34)} 26. bxa4 {(4)}
exf4 {(12)} 27. Rxf4 {(23)} Rb2 {(4)} 28. Qd3 {
(5)} Qc6+ {(28)} 29. Kh3 {(35)} Rxe2 {(
11)} 30. Qxe2 {(3)} Qe8 {(3)} 31. Rf1 {(17)}
Rf6 {(6)} 32. Re1 {(3)} f4 {(3)} 33. Bd5 {
(8)} Qc8+ {(10)} 34. g4 {(15)} Qc5 {(
03)} 35. Kg2 {(15)} f3+ {(9)} 36. Bxf3 {(3)}
Rf8 {(3)} 37. Rb1 {(27)} Qa3 {(12)} 38. Bc6 {
(11)} Be5 {(7)} 39. Rb7 {(5)} Qc5 {(
11)} 40. Be4 {(3)} Bg7 {(4)} 41. Rb5 {(3)} Qd4
{(4)} 42. Rd5 {(3)} Qc3 {(6)} 43. Rh5 {
(3)} h6 {(3)} 44. g5 {(3)} Qa5 {(9]
} 45. gxh6 Be5 46. Rg5 {(9)} Qd8 {(6)} 47. Rg4 {(
03)} Qf6 {(3)} 48. h7 {(3)} Qh6 {(4)} 49.
h3 {(3)} Bd4 {(7)} 50. Bf3 {(5)} Bg7 {(
03)} 51. a5 {(3)} Rb8 {(3)} 52. Be4 {(5)}
Qc1 {(4)} 53. Bc2 {(3)} Qb2 {(39)} 54. a6 {
(3)} Ra8 {(3)} 55. Qe4 {(3)} d5 {(
03)} 56. cxd5 {(3)} Rc8 {(3)} 0-1

[Event "Your Next Move GCT 2017-Blitz"]
[Site "Leuven"]
[Date "2017.07.01"]
[Round "3"]
[White "Kramnik, Vladimir"]
[Black "So, Wesley"]
[Result "1/2-1/2"]
[ECO "C54"]
[WhiteElo "2760"]
[BlackElo "2724"]
[Annotator ""]
[PlyCount "72"]
[EventDate "2017.??.??"]
[EventType "blitz"]
[EventCountry "BEL"]
[SourceTitle "playchess.com"]
[Source "ChessBase"]
[SourceQuality "1"]
[TimeControl "300+3"]

1. e4 {()} e5 {(3)} 2. Nf3 {(3)} Nc6 {
(3)} 3. Bc4 {(3)} Bc5 {(3)} 4. c3 {(
03)} Nf6 {(3)} 5. d3 {(3)} a6 {(3)} 6. O-O {
(3)} Ba7 {(3)} 7. Bb3 {(5)} d6 {(7]
} 8. Re1 {(4)} h6 {(3)} 9. Nbd2 {(6)} O-O {
(9)} 10. Nf1 {(4)} Re8 {(9)} 11. Ng3 {(
06)} Be6 {(10)} 12. Bxe6 {(7)} Rxe6 {(3)}
13. d4 {(10)} d5 {(16)} 14. Nxe5 {(7)} Nxe5 {
(12)} 15. dxe5 {(3)} Nxe4 {(1:22)} 16. Nxe4 {
(3)} dxe4 {(3)} 17. Qh5 {(16)} g6 {(
15)} 18. Qxh6 {(16)} Rxe5 {(3)} 19. Be3 {(11)}
Bxe3 {(4)} 20. Qxe3 {(14)} Qf6 {(8)} 21. Rad1 {
(6)} Rd8 {(3)} 22. Rd4 {(43)} Rxd4 {(
12)} 23. Qxd4 {(4)} Qe7 {(25)} 24. g3 {(27)} Re6
{(3)} 25. h4 {(7)} a5 {(12)} 26. Kg2 {(
03)} b6 {(12)} 27. Re3 {(4)} Rd6 {(13)} 28.
Rxe4 {(17)} Rxd4 {(3)} 29. Rxe7 {(3)} Rd2 {
(3)} 30. b4 {(11)} Rxa2 {(13)} 31. Rxc7 {
(4)} Rc2 {(7)} 32. bxa5 {(1:31)} bxa5 {(
03)} 33. g4 {(26)} a4 {(3)} 34. Kg3 {(3)} a3
{(3)} 35. f3 {(3)} Rc1 {(9)} 36. Ra7 {(
05)} Rxc3 1/2-1/2

[Event "Your Next Move GCT 2017-Blitz"]
[Site "Leuven"]
[Date "2017.07.01"]
[Round "3"]
[White "Nepomniachtchi, Ian"]
[Black "Aronian, Levon"]
[Result "1/2-1/2"]
[ECO "C22"]
[WhiteElo "2793"]
[BlackElo "2786"]
[Annotator ""]
[PlyCount "51"]
[EventDate "2017.??.??"]
[EventType "blitz"]
[EventCountry "BEL"]
[SourceTitle "playchess.com"]
[Source "ChessBase"]
[SourceQuality "1"]
[TimeControl "300+3"]

1. e4 {()} e5 {(3)} 2. d4 {(3)} exd4 {
(3)} 3. Qxd4 {(3)} Nc6 {(3)} 4. Qe3 {(
03)} Nf6 {(3)} 5. Nc3 {(3)} Bb4 {(3)} 6.
Bd2 {(3)} O-O {(3)} 7. O-O-O {(3)} Re8 {
(3)} 8. Qf4 {(3)} Ne5 {(1:14)} 9. f3 {(
03)} Ng6 {(17)} 10. Qg3 {(6)} Bd6 {(15)} 11. Qf2
{(5)} Be5 {(3)} 12. h4 {(3)} d5 {(
16)} 13. h5 {(3)} Nf8 {(6)} 14. h6 {(7)} g6 {
(11)} 15. Be3 {(1:39)} Bxc3 {(22)} 16. bxc3 {
(3)} c6 {(3)} 17. Ne2 {(13)} Qa5 {(
11)} 18. Qh4 {(14)} N6d7 {(15)} 19. Kb1 {(5)}
dxe4 {(14)} 20. fxe4 {(7)} Ne6 {(27)} 21. Nd4 {
(7)} Qxc3 {(20)} 22. Nxe6 {(3)} Qb4+ {(
29)} 23. Ka1 {(16)} Qc3+ {(3)} 24. Kb1 Qb4+ 25. Ka1 {
(19)} Qc3+ {(6)} 26. Kb1 {(3)} 1/2-1/2